 Dungeon Crawl Stone Soup version 0.13-b1-9-g87fe349 (webtiles) character file.

849 Kae the Ruinous (level 7, 0/40 HPs)
             Began as a Tengu Fire Elementalist on Sept 29, 2013.
             Slain by a gnoll
             ... wielding a +0,+0 halberd
              (4 damage)
             ... on Level 5 of the Dungeon.
             The game lasted 00:10:31 (5364 turns).

Kae the Ruinous (Tengu Fire Elementalist)           Turns: 5364, Time: 00:10:31

HP   0/40        AC  3     Str  8      XL: 7   Next: 53%
MP  24/26        EV  2     Int 15      God:
Gold 201         SH  0     Dex 15      Spells:  4 memorised,  3 levels left

Res.Fire  : . . .   See Invis. : .   g - +1 dagger
Res.Cold  : . . .   Warding    : .   a - +0 robe
Life Prot.: + + +   Conserve   : .   (no shield)
Res.Poison: +       Res.Corr.  : .   n - +0 wizard hat
Res.Elec. : .       Clarity    : .   (no cloak)
Sust.Abil.: . .     Spirit.Shd : .   (no gloves)
Res.Mut.  : .       Stasis     : +   (boots unavailable)
Res.Rott. : +       Flight     : .   u - amulet of stasis
Saprovore : . . .                    y - ring of protection from magic
                                     k - ring of magical power

@: petrified, quite resistant to hostile enchantments, fairly stealthy
A: able to fly, beak, talons 3, +10% hp, AC +1, Int -2
a: Fly


You were on level 5 of the Dungeon.
You were hungry.

You visited 1 branch of the dungeon, and saw 5 of its levels.

You collected 181 gold pieces.

Inventory:

Hand weapons
 g - a +1,+1 dagger (weapon)
Missiles
 h - 44 darts (quivered)
 m - 12 darts of flame
Armour
 a - a +0 robe (worn)
 n - a +0 wizard hat (worn)
Magical devices
 j - a wand of confusion (23)
Comestibles
 c - 3 bread rations
 f - 2 meat rations
 i - 3 rotting chunks of orc flesh
Scrolls
 d - 4 scrolls of random uselessness
 l - 3 scrolls of identify
 o - a scroll of noise {unknown}
 p - a scroll of enchant weapon I
 q - a scroll of remove curse
 w - a scroll of fear
Jewellery
 k - a ring of magical power (left hand)
 r - an uncursed ring of protection from cold {unknown}
 u - an amulet of stasis (around neck)
 y - a ring of protection from magic (right hand)
 C - an uncursed ring of teleportation
Potions
 e - 3 potions of heal wounds
 A - 3 potions of curing
 B - a potion of brilliance
Books
 b - a book of Flames

   Spells                             Type                      Level
   *Flame Tongue                      Conjuration/Fire             1
   *Throw Flame                       Conjuration/Fire             2
   *Conjure Flame                     Conjuration/Fire             3
   Inner Flame                        Hexes/Fire                   3
   *Sticky Flame                      Conjuration/Fire             4
   Fireball                           Conjuration/Fire             5


   Skills:
 - Level 2.1 Dodging
 - Level 2.0 Stealth
 + Level 3.6 Spellcasting
 * Level 7.4 Conjurations
 + Level 5.4 Fire Magic


You had 3 spell levels left.
You knew the following spells:

 Your Spells              Type           Power        Failure   Level  Hunger
a - Flame Tongue          Conj/Fire      ###..        1%          1    None
b - Throw Flame           Conj/Fire      ###...       1%          2    ##.....
c - Conjure Flame         Conj/Fire      ###.....     4%          3    ###....
d - Sticky Flame          Conj/Fire      ###.....     17%         4    ####...


Dungeon Overview and Level Annotations

Branches:
Dungeon (5/27)
 Temple: D:4-7

Altars:
Makhleb
Xom

Annotations:
D:4 Zurvan's ghost, average MiBe


Innate Abilities, Weirdness & Mutations

You can fly.
You have a beak for a mouth.
You have claws for feet.
You are partially covered in rugged brown scales (AC +1, +3% HP).
You are dopey. (Int -2)
You are robust (+10% HP).


Message History

The gnoll shaman is heavily wounded.
The orc hits you with a morningstar!
The gnoll hits you from afar with a spear.
The orc hits you with a morningstar.
Your limbs are stiffening.
The gnoll closely misses you.
You have turned to stone.
The orc hits you with a morningstar.
The gnoll hits you from afar with a halberd.
The orc barely misses you. The gnoll barely misses you.
The orc hits you with a morningstar!
The gnoll hits you from afar with a halberd!
* * * LOW HITPOINT WARNING * * *
The orc hits you with a morningstar.
* * * LOW HITPOINT WARNING * * *
The gnoll hits you from afar with a halberd!
* * * LOW HITPOINT WARNING * * *
The orc hits you with a morningstar!
* * * LOW HITPOINT WARNING * * *
The gnoll shaman calls upon its god to speed up something.
The gnoll hits you from afar with a halberd!
You die...

####### ########
#.....g### #......#
#....ggo.###......####
#....g.#@...........(#
#...g.g#####.....#.#.#
#...... #.........#
#...... #.....#)#.####
...... #.............
#'### #.)....####### .
###.#### #.# #.#


You could see a gnoll shaman, 2 gnolls and an orc.

Vanquished Creatures
  An orc priest (D:4)
  4 hounds (D:4)
  3 orc wizards
  4 worker ants
  Ijyb (D:4)
  Jessica (D:2)
  13 gnolls
  4 adders
  2 worms
  6 giant geckos
  2 oozes (D:3)
  11 orcs
  7 bats
  4 giant cockroaches
  5 hobgoblins
  10 jackals
  5 kobolds
  2 quokkas (D:3)
  2 ball pythons
  6 giant newts
  13 goblins
  13 rats
  A rat skeleton (D:5)
120 creatures vanquished.

Notes
Turn   | Place    | Note
--------------------------------------------------------------
     0 | D:1      | Kae, the Tengu Fire Elementalist, began the quest for the Orb.
     0 | D:1      | Reached XP level 1. HP: 10/10 MP: 3/3
   281 | D:1      | Reached XP level 2. HP: 9/15 MP: 1/5
  1031 | D:2      | Reached XP level 3. HP: 17/19 MP: 0/7
  1156 | D:2      | Noticed Jessica
  1167 | D:2      | Killed Jessica
  1207 | D:2      | Reached XP level 4. HP: 24/24 MP: 4/8
  1226 | D:2      | Found a shimmering altar of Xom.
  1523 | D:2      | Reached skill level 4 in Conjurations
  1892 | D:3      | Reached XP level 5. HP: 18/28 MP: 3/11
  2843 | D:4      | Reached skill level 5 in Conjurations
  2904 | D:4      | Noticed Zurvan's ghost (average MiBe)
  3410 | D:4      | Found a burning altar of Makhleb.
  3414 | D:4      | Reached XP level 6. HP: 32/32 MP: 8/13
  3525 | D:4      | Reached skill level 6 in Conjurations
  3632 | D:3      | Learned a level 2 spell: Throw Flame
  3636 | D:3      | Learned a level 3 spell: Conjure Flame
  3641 | D:3      | Learned a level 4 spell: Sticky Flame
  4000 | D:4      | Noticed Ijyb
  4005 | D:4      | Killed Ijyb
  4055 | D:4      | Reached skill level 5 in Fire Magic
  4600 | D:4      | Gained mutation: You are partially covered in rugged brown scales (AC +1, +3% HP). [potion of mutation]
  4600 | D:4      | Gained mutation: You are robust (+10% HP). [potion of mutation]
  4600 | D:4      | Gained mutation: You are dopey. (Int -2) [potion of mutation]
  4624 | D:5      | Entered Level 5 of the Dungeon
  4643 | D:5      | Reached XP level 7. HP: 33/40 MP: 16/16
  4980 | D:5      | Reached skill level 7 in Conjurations
  5364 | D:5      | Slain by a gnoll

Action                   |  1- 3 |  4- 6 |  7- 9 || total
-------------------------+-------+-------+-------++-------
Melee: Unarmed           |     5 |       |       ||     5
       Dagger            |     8 |    21 |     2 ||    31
 Cast: Flame Tongue      |    38 |   145 |    51 ||   234
       Sticky Flame      |       |     1 |     3 ||     4
       Conjure Flame     |       |     1 |     1 ||     2
       Throw Flame       |       |       |     2 ||     2
  Use: Potion            |     2 |     5 |       ||     7
       Scroll            |       |     9 |       ||     9
 Stab: Invisible         |       |     2 |       ||     2
       Sleeping          |       |     1 |       ||     1
